Map: Eternal Empire LE

Players

CAPTIANCHOAS - Winner!

  • Race: Terran Terran
  • League: Silver
  • Spawn Location: 7:00

antagomiR

  • Race: Protoss Protoss
  • League: Gold
  • Spawn Location: 1:00

VOD

Have the link to the VOD?

Description

Time

  • Played on: April 4, 2020, 5:56 p.m.
  • Length: 5:20
Show
View Real Time Build Order
Export as new Build Order

CAPTIANCHOAS Terran - Winner!

Build Orders:  

Get SALT Encoding   

  12  0:01  SCV  
  13  0:13  SCV  
  14  0:20  Supply Depot  
  14  0:27  SCV  
  15  0:41  SCV  
  16  0:53  Barracks  
  16  1:09  Barracks  
  16  1:23  SCV  
  17  1:30  Barracks  
  17  1:38  SCV  
  18  1:53  SCV  
  19  1:58  Marine x2  
  21  2:05  Supply Depot  
  21  2:13  Supply Depot  
  21  2:21  Marine x2  
  23  2:26  Marine  
  24  2:55  Marine x3  
  24  3:13  Marine x3  
  23  3:31  Marine x3  
  26  3:49  Marine x3  
  28  4:06  Marine  
  28  4:07  Marine x2  
  30  4:24  Marine x2  
  30  4:25  Marine  
  31  4:42  Marine x3  
  33  5:00  Marine x3  
  36  5:15  Supply Depot  
Show
View Real Time Build Order
Export as new Build Order

antagomiR Protoss 

Build Orders:  

Get SALT Encoding   

  12  0:01  Probe  
  13  0:13  Probe  
  14  0:21  Pylon  
  14  0:25  Probe  
  15  0:41  Gateway  
  15  0:42  Probe  
  16  0:54  Probe  
  17  0:57  Assimilator  
  17  1:06  Probe  
  17  1:09  Assimilator  
  18  1:18  Probe  
  19  1:30  Probe  
  20  1:40  Cybernetics Core  
  20  1:42  Probe  
  21  1:49  Zealot (Chrono Boost)  
  23  2:09  Pylon  
  23  2:13  Warp Gate (Chrono Boost)  
  23  2:27  Probe  
  23  2:28  Stalker (Chrono Boost)  
  25  2:39  Probe  
  20  3:18  Stalker (Chrono Boost)  
  22  3:38  Gateway  
  22  3:43  Pylon  
  22  4:01  Probe  
  12  4:13  Probe  
  4  4:21  Stalker  
  5  4:35  Probe  
  4  4:47  Probe  
  3  4:59  Probe (Chrono Boost)  
Tags
 
Matchup
PvT
Replay Pack
20200422
Spawn Locations
Cross Positions
Add a new tag
Caveats
  • Supply blocks, unpowered buildings, or Contaminate may cause inaccurate times.
  • Supply counts are checked every 10 seconds.